 Dungeon Crawl Stone Soup version 0.21-a0-225-g207ae17 (webtiles) character file.

4349 Moloch the Fighter (level 10, -7/84 HPs)
             Began as a Mummy Fighter on Aug 29, 2017.
             Was an Elder of Okawaru.
             Mangled by trolled's ghost (24 damage)
             ... on level 9 of the Dungeon.
             The game lasted 00:16:00 (8264 turns).

Moloch the Fighter (Mummy Fighter)                  Turns: 8264, Time: 00:16:01

Health: -7/84      AC: 16    Str: 19    XL:     10   Next: 12%
Magic:  12/13      EV: 11    Int:  9    God:    Okawaru [****..]
Gold:   513        SH: 11    Dex: 14    Spells: 9/9 levels left

rFire    x . .     SeeInvis .   o - +4 war axe
rCold    + + .     Gourm    .   c - +0 shield
rNeg     + + +     Faith    .   b - +3 scale mail {rC+}
rPois    ∞         Spirit   .   l - +0 helmet
rElec    .         Reflect  .   (no cloak)
rCorr    .         Harm     .   k - +0 pair of gloves
MR       +....                  u - +1 pair of boots
Stlth    ++........             (no amulet)
HPRegen  0.24/turn              (no ring)
MPRegen  0.13/turn              (no ring)

@: heroism
A: no food or potions, fire vulnerability, cold resistance 1, negative energy
resistance 3, torment resistance, unbreathing
a: Heroism, Renounce Religion


You were on level 9 of the Dungeon.
You worshipped Okawaru.
Okawaru was greatly pleased with you.
You were not hungry.

You visited 1 branch of the dungeon, and saw 9 of its levels.

You collected 513 gold pieces.

Inventory:

Hand Weapons
 e - a +1 dagger of venom
 o - a +4 war axe (weapon)
 q - a +0 morningstar
 s - a +0 broad axe
Armour
 b - a +3 scale mail of cold resistance (worn)
 c - a +0 shield (worn)
 k - a +0 pair of gloves (worn)
 l - a +0 helmet (worn)
 u - a +1 pair of boots (worn)
Wands
 a - a wand of flame (22/48)
 p - a wand of confusion (31/48)
Scrolls
 d - a scroll of remove curse {unknown}
 f - 4 scrolls of teleportation
 g - 2 scrolls of recharging
 h - 2 scrolls of enchant armour
 i - 2 scrolls of immolation {unknown}
 j - a scroll of noise {unknown}
 n - a scroll of fear
 r - a scroll of amnesia {unknown}
Miscellaneous
 t - a phantom mirror


   Skills:
 + Level 9.6(14.6) Fighting
 * Level 9.1(14.1) Axes
 - Level 2.4(7.4) Armour
 - Level 2.4(7.4) Shields
 * Level 4.1 Invocations


You had 9 spell levels left.
You didn't know any spells.

Dungeon Overview and Level Annotations

Branches:
Dungeon (9/15)             Temple (0/1) D:5
   Lair: D:8-11         Orc: D:9-12

Altars:
Dithmenos
Gozag
Hepliaklqana
Nemelex Xobeh
Okawaru
Ru
Vehumet
Xom
Zin

Annotations:
D:9 trolled's ghost, journeyman TrMo


Innate Abilities, Weirdness & Mutations

You do not eat or drink.
Your flesh is vulnerable to fire.
You are immune to poison.
Your flesh is cold resistant. (rC+)
You are immune to negative energy. (rN+++)
You are immune to unholy pain and torment.
You can survive without breathing.


Message History

You block the worker ant zombie's attack.
You slice trolled's ghost!!
Trolled's ghost is heavily damaged.
You hit the worker ant zombie but do no damage.
You block trolled's ghost's attack.
You block the worker ant zombie's attack.
You completely miss trolled's ghost.
Trolled's ghost is heavily damaged.
You slash the worker ant zombie!
You destroy the worker ant zombie!
Okawaru accepts your kill. Trolled's ghost hits you!!
* * * LOW HITPOINT WARNING * * *
Evoke which item? (* to show all) (? for menu, Esc to quit)
Aiming: Confuse
Press: ? - help, Shift-Dir - straight line, f - trolled's ghost
Aim: trolled's ghost (heavily damaged, chance to defeat MR: 9%)
Okay, then.
Trolled's ghost hits you!!
You die...

. .... ...... . ..#
....... ####.# .......
.....############.......
........................
........................
.o########..............
..# #.....W........
..### #......@.......
...... ..........[......
........................
...........#############
.......<...# ..........
#######


You could see trolled's ghost.

Vanquished Creatures
  The ghost of heretic the Slasher, a novice OpFi (D:5)
  Prince Ribbit (D:6)
  A hippogriff (D:8)
  A hungry ghost (D:9)
  Duvessa (D:6)
  A hornet zombie (D:7)
  2 orc warriors
  2 black bears
  2 necrophages (D:6)
  3 phantoms
  3 ice beasts
  3 ogres
  4 centaurs
  A bullfrog (D:5)
  4 scorpions
  Dowan (D:6)
  A howler monkey (D:5)
  A crimson imp (D:5)
  A bullfrog zombie (D:6)
  2 jellies
  3 orc priests
  4 hounds
  11 orc wizards
  3 centaur skeletons
  4 iguanas
  Ijyb (D:4)
  Terence (D:2)
  4 worker ants
  A statue (D:4)
  A hound zombie (D:5)
  A hound skeleton (D:4)
  A worker ant zombie (D:9)
  Robin (D:2)
  7 gnolls
  7 adders
  A shadow imp (D:5)
  2 adder skeletons
  4 worms
  A dart slug (D:1)
  6 leopard geckos
  38 orcs
  11 giant cockroaches
  19 goblins
  15 hobgoblins
  14 jackals
  5 quokkas
  A ball python (D:3)
  4 bats
  9 frilled lizards
  A giant cockroach zombie (D:5)
  A jackal skeleton (D:5)
  5 kobolds
  6 rats
  A fungus (D:5)
230 creatures vanquished.

Vanquished Creatures (others)
  An orc wizard (D:4)
  A gnoll (D:5)
  A fungus (D:5)
3 creatures vanquished.

Grand Total: 233 creatures vanquished

Notes
Turn   | Place    | Note
-------+----------+-------------------------------------------
     0 | D:1      | Moloch the Mummy Fighter began the quest for the Orb.
     0 | D:1      | Reached XP level 1. HP: 18/18 MP: 1/1
   205 | D:1      | Reached XP level 2. HP: 24/24 MP: 2/2
   513 | D:1      | Reached XP level 3. HP: 26/30 MP: 3/3
   774 | D:2      | Noticed Robin
  1491 | D:2      | Reached XP level 4. HP: 32/37 MP: 4/4
  1894 | D:2      | Killed Robin
  1935 | D:2      | Noticed Terence
  1954 | D:2      | Killed Terence
  1969 | D:2      | Reached XP level 5. HP: 31/43 MP: 5/5
  2303 | D:3      | Found a sacrificial altar of Ru.
  2331 | D:3      | Reached skill level 5 in Fighting
  2496 | D:3      | Reached XP level 6. HP: 48/51 MP: 6/6
  2589 | D:3      | Found an opulent altar of Gozag.
  2608 | D:3      | Found a sparkling altar of Nemelex Xobeh.
  3040 | D:4      | Found an iron altar of Okawaru.
  3048 | D:4      | Became a worshipper of Warmaster Okawaru
  3211 | D:4      | Found a radiant altar of Vehumet.
  3300 | D:4      | Reached XP level 7. HP: 48/59 MP: 7/7
  3934 | D:4      | Reached * piety under Okawaru
  4129 | D:4      | Reached skill level 1 in Invocations
  4142 | D:4      | Noticed Ijyb
  4156 | D:4      | Killed Ijyb
  4389 | D:5      | Entered Level 5 of the Dungeon
  4453 | D:5      | Noticed heretic's ghost (novice OpFi)
  4487 | D:5      | Found a shimmering altar of Xom.
  4528 | D:5      | Found a glowing silver altar of Zin.
  4556 | D:5      | Reached XP level 8. HP: 68/68 MP: 7/9
  4750 | D:5      | Reached skill level 5 in Axes
  4840 | D:5      | Found a staircase to the Ecumenical Temple.
  4943 | D:5      | Killed heretic's ghost
  4943 | D:5      | Reached ** piety under Okawaru
  5269 | D:5      | Found a hazy altar of Hepliaklqana.
  5643 | D:6      | Reached XP level 9. HP: 56/76 MP: 11/11
  6062 | D:6      | Noticed Prince Ribbit
  6114 | D:6      | Killed Prince Ribbit
  6210 | D:6      | Reached *** piety under Okawaru
  6219 | D:6      | Noticed Dowan
  6722 | D:6      | Noticed Duvessa
  6764 | D:6      | Killed Dowan
  6777 | D:6      | Killed Duvessa
  7300 | D:7      | Found a shadowy altar of Dithmenos.
  7513 | D:7      | Reached **** piety under Okawaru
  7637 | D:7      | You fall through a shaft for 2 floors!
  7660 | D:9      | Noticed trolled's ghost (journeyman TrMo)
  7793 | D:8      | Reached XP level 10. HP: 29/83 MP: 11/13
  8264 | D:9      | Mangled by trolled's ghost

Vault maps used:
D:1:      dpeg_arrival_rhombi, st_stairs_1, hangedman_decor_lopped,
          serial_park_tiny_pond
D:2:      wad_lake_hut, first_bread, cheibrodos_gnoll_hut, uniq_robin,
          uniq_terence
D:3:      lemuel_round_altar, nicolae_ru_great_annihilating_truth,
          nemelex_xobeh_ov_fountains_minmay
D:4:      vehumet_statue, okawaru_altar_gauntlet_db, minmay_cupped, uniq_ijyb
D:5:      nicolae_overflow_crystal_walls, old_standard_altar, xom_teletrap_fun,
          lemuel_temple_firewalk_b, hangedman_abyss_or_decor_stabs,
          minmay_gold_behind_fungi, palyth_stone_intersect, hex_tiny,
          kennysheep_small_circle
D:6:      uniq_duvessa, uniq_prince_ribbit1
D:7:      marbit_many_paths, minmay_crystal_water, grunt_livestock, tgw_trog
D:8:      grunt_ministairs_12, nicolae_transmutations_shop
D:9:      nicolae_overflow_hidden_temple, lemuel_round_altar,
          makhleb_blood_cavern_becter, basic_altar

Skill      XL: |  1  2  3  4  5  6  7  8  9 10 |
---------------+-------------------------------+-----
Axes           | 2 3 4 6 8 9 |  9.1
Fighting       | 4 5 6 7 9 |  9.6
Invocations    | 1 2 4 |  4.1
Armour         | |  2.4
Shields        | |  2.4

Action                   |  1- 3 |  4- 6 |  7- 9 | 10-12 || total
-------------------------+-------+-------+-------+-------++-------
Melee: Dagger            |   156 |   233 |   261 |       ||   650
       War axe           |    14 |     3 |   336 |    23 ||   376
Invok: Heroism           |       |       |     2 |     2 ||     4
Evoke: Wand              |       |       |    21 |       ||    21
  Use: Scroll            |       |       |     7 |       ||     7
 Stab: Paralysed         |       |     2 |       |       ||     2
       Confused          |       |       |     2 |       ||     2
Armor: Scale mail        |    62 |   121 |   278 |    14 ||   475
       Chain mail        |       |     3 |       |       ||     3
Dodge: Dodged            |    43 |    57 |   144 |    12 ||   256
Block: Shield            |    59 |   102 |   256 |    23 ||   440

Table legend:
 A = Spawn XP
 B = Non-spawn XP
 C = Spawn XP percentage of total XP
 D = Spawn monster count
 E = Non-spawn monster count
 F = Spawn count percentage of total count
 G = Total turns spent on level
                    A         B        C        D         E        F      G
               +---------+---------+-------+---------+---------+-------+---------
         Total |     550 |    5663 |   8.9 |      23 |     207 |  10.0 |  8264
               +---------+---------+-------+---------+---------+-------+---------
           D:1 |      11 |      37 |  22.9 |       4 |      23 |  14.8 |   902
           D:2 |      11 |     137 |   7.4 |       4 |      40 |   9.1 |  1183
           D:3 |       2 |     188 |   1.1 |       1 |      23 |   4.2 |   629
           D:4 |       7 |     947 |   0.7 |       2 |      33 |   5.7 |  1675
           D:5 |     179 |     996 |  15.2 |       6 |      28 |  17.6 |  1256
           D:6 |     212 |    1674 |  11.2 |       5 |      25 |  16.7 |  1528
           D:7 |       0 |     796 |   0.0 |       0 |      22 |   0.0 |   464
           D:8 |     128 |     633 |  16.8 |       1 |       6 |  14.3 |   476
           D:9 |       0 |     255 |   0.0 |       0 |       7 |   0.0 |   151
               +---------+---------+-------+---------+---------+-------+---------
